 Dungeon Crawl Stone Soup version 0.19-a0-1511-g16f215b (console) character file.

23 vible the Charmwright (level 2, 0/19 HPs)
             Began as a High Elf Skald on Sept 11, 2016.
             Slain by an adder (3 damage)
             ... on level 1 of the Dungeon.
             The game lasted 00:02:40 (797 turns).

vible the Charmwright (High Elf Skald)               Turns: 797, Time: 00:02:41

Health: 0/19       AC:  3    Str: 11    XL:     2   Next: 72%
Magic:  6/7        EV: 11    Int: 15    God:
Gold:   54         SH:  0    Dex: 14    Spells: 2 memorised, 4 levels left

rFire  . . .     SeeInvis .     a - +0 falchion
rCold  . . .     Gourm    .     b - +0 leather armour
rNeg   . . .     Faith    .     (no shield)
rPois  .         Spirit   .     (no helmet)
rElec  .         Dismiss  .     (no cloak)
rCorr  .         Reflect  .     (no gloves)
MR     .....     Harm     .     (no boots)
Stlth  +.........               (no amulet)
                                (no ring)
                                (no ring)

@: lethally poisoned (0 -> -5)
A: no striking features
a: no special abilities


You were on level 1 of the Dungeon.
You were not hungry.

You visited 1 branch of the dungeon, and saw 1 of its levels.

You collected 54 gold pieces.


   Skills:
 - Level 2.0 Fighting
 * Level 2.8 Long Blades
 - Level 0.8 Armour
 - Level 1.1 Dodging
 + Level 3.1 Spellcasting
 + Level 4.1 Charms


You had 4 spell levels left.
You knew the following spells:

 Your Spells              Type           Power        Failure   Level  Hunger
o - Infusion              Chrm           ##..         6%          1    #......
u - Shroud of Golubria    Chrm/Tloc      #.........   21%         2    ##.....

Inventory:

Hand Weapons
 a - a +0 falchion (weapon)
Armour
 b - a +0 leather armour (worn)
Scrolls
 f - a scroll of remove curse {unknown}
 i - a scroll of noise {unknown}
Potions
 e - 2 potions of resistance {unknown}
 g - a potion of degeneration {unknown}
 h - a potion of magic {unknown}
 j - a potion of ambrosia {unknown}
Books
 c - a book of Battle

   Spells                             Type                      Level
   a - Infusion                       Charms                       1
   b - Shroud of Golubria             Charms/Translocation         2
   c - Song of Slaying                Charms                       2
   d - Spectral Weapon                Hexes/Charms                 3
   e - Regeneration                   Charms/Necromancy            3
Comestibles
 d - 3 bread rations {@e1}
 k - a slice of pizza {@e2}

##....................
#####..###.#.##...##.#....
#......###....>...........
###..........#....##......
#.......................
#..........##..#..##....
#..........##.###...#...
#(.........##.#####.....
#.(.(..@........# ###..#
#......S........# #...
#...............# ####..
...................# #.....
###................###.....
#######.............)...#
#######.(.(......#.#.)..#
#.....)..........#.......
#..............#....######


You could see an adder.


Message History

The kobold hits you. The adder bites you.
You are poisoned.
The adder poisons you!
You hit the kobold.
You kill the kobold!
You feel sick. The adder barely misses you.
Unknown command.
The adder bites you. The adder barely misses you.
You see here a kobold corpse.
Unknown command.
You slash the adder!
The adder is severely wounded.
You feel sick. The adder barely misses you.
Unknown command.
You closely miss the adder.
The adder is severely wounded.
The adder bites you.
* * * LOW HITPOINT WARNING * * *
The adder barely misses you.
Unknown command.
You barely miss the adder.
The adder is heavily wounded.
The adder misses you.
You riposte.
You hit the adder but do no damage.
The adder is heavily wounded.
Unknown command.
You closely miss the adder.
The adder is heavily wounded.
* * * LOW HITPOINT WARNING * * *
You feel sick. The adder bites you.
You die...

Action                   || total
-------------------------++-------
Melee: Falchion          ||    65
 Cast: Shroud of Golubri ||     1
       Infusion          ||     1
Armor: Leather armour    ||    23
Dodge: Dodged            ||    37

Vault maps used:
D:1:      lemuel_arrival_behind_the_door_small

Notes
Turn   | Place    | Note
-------+----------+-------------------------------------------
     0 | D:1      | vible the High Elf Skald began the quest for the Orb.
     0 | D:1      | Reached XP level 1. HP: 14/14 MP: 4/4
   354 | D:1      | Reached XP level 2. HP: 19/19 MP: 6/6
   359 | D:1      | Learned a level 2 spell: Shroud of Golubria
   530 | D:1      | Reached skill level 3 in Spellcasting
   530 | D:1      | Reached skill level 4 in Charms
   797 | D:1      | Slain by an adder

Vanquished Creatures
  2 dart slugs (D:1)
  A giant gecko (D:1)
  4 hobgoblins (D:1)
  4 bats (D:1)
  2 goblins (D:1)
  4 kobolds (D:1)
  A rat (D:1)
18 creatures vanquished.
